 Dungeon Crawl Stone Soup version 0.19.1-1-g22dce08 (webtiles) character file.

38 somonday the Magician (level 3, -7/24 HPs)
             Began as a Mummy Wizard on Jan 18, 2017.
             Mangled by a wolf spider (8 damage)
             ... on level 1 of the Dungeon.
             The game lasted 00:06:33 (5172 turns).

somonday the Magician (Mummy Wizard)                Turns: 5172, Time: 00:06:34

Health: -7/24      AC:  2    Str: 10    XL:     3   Next: 25%
Magic:  2/7        EV: 12    Int: 18    God:
Gold:   0          SH:  0    Dex: 10    Spells: 1 memorised, 7 levels left

rFire  x . .     SeeInvis .     d - -1 dagger (curse)
rCold  + . .     Gourm    .     a - +0 robe
rNeg   + + +     Faith    .     (no shield)
rPois  ∞         Spirit   .     b - +0 hat
rElec  .         Reflect  .     (no cloak)
rCorr  .         Harm     .     (no gloves)
MR     .....                    (no boots)
Stlth  ++........               (no amulet)
                                (no ring)
                                (no ring)

@: no status effects
A: no food or potions, fire vulnerability, cold resistance 1, negative energy
resistance 3, torment resistance, unbreathing
a: no special abilities


You were on level 1 of the Dungeon.
You were not hungry.

You visited 1 branch of the dungeon, and saw 1 of its levels.

Inventory:

Hand Weapons
 d - a cursed -1 dagger (weapon)
Armour
 a - a +0 robe (worn)
 b - a +0 hat (worn)
Scrolls
 e - a scroll of fog {unknown}
 f - a scroll of identify {unknown}
Books
 c - a book of Minor Magic

   Spells                             Type                      Level
   a - Magic Dart                     Conjuration                  1
   b - Blink                          Translocation                2
   c - Call Imp                       Summoning                    2
   d - Repel Missiles                 Charms/Air                   2
   e - Slow                           Hexes                        2
   f - Conjure Flame                  Conjuration/Fire             3
   g - Mephitic Cloud                 Conjuration/Poison/Air       3


   Skills:
 - Level 1.7 Dodging
 - Level 1.7 Stealth
 - Level 3.4 Spellcasting
 + Level 1.9 Conjurations
   Level 0.7 Summonings
   Level 0.7 Translocations


You had 7 spell levels left.
You knew the following spells:

 Your Spells              Type           Power        Failure   Level  Hunger
a - Magic Dart            Conj           ##..         10%         1    N/A

Dungeon Overview and Level Annotations

Branches:
Dungeon (1/15)

Altars:


Innate Abilities, Weirdness & Mutations

You do not eat or drink.
Your flesh is vulnerable to fire.
You are immune to poison.
Your flesh is cold resistant. (rC+)
You are immune to negative energy. (rN+++)
You are immune to unholy pain and torment.
You can survive without breathing.


Message History

Confirm with . or Enter, or press ? or * to list all spells.
Aiming: Magic Dart
Press: ? - help, Shift-Dir - straight line, f/p - wolf spider
Aim: a wolf spider (clinging)
The magic dart hits the wolf spider.
The wolf spider is lightly wounded.
Casting: Magic Dart
Confirm with . or Enter, or press ? or * to list all spells.
Aiming: Magic Dart
Press: ? - help, Shift-Dir - straight line, f/p - wolf spider
Aim: a wolf spider The magic dart hits the wolf spider.
The wolf spider is lightly wounded.
The wolf spider closely misses you. The wolf spider bites you.
The wolf spider hits you! The wolf spider bites you. The wolf spider hits you.
The wolf spider misses you. The wolf spider hits you!
* * * LOW HITPOINT WARNING * * *
The wolf spider bites you!
You die...

............................[....
................)................
.................>...............
.................................
.........#.......>...............
........#........................
#######.#.##.#.#.##......!.......
###%...##.#.#s##..............
#!....##..#.#@#..........)....
####......#.#...##...........#
#.###.........#......##.###
#.##..##.###.........##..#
#.##.###.###.#.......###.# #.##.#
#.#.÷...........#.#
#.#..###...#.##......#...##
#######...##...###.##.....###....
.....##.####...###........#####..


You could see a wolf spider.

Vanquished Creatures
  An ooze (D:1)
  A ball python (D:1)
  7 bats (D:1)
  A giant cockroach (D:1)
  7 goblins (D:1)
  3 hobgoblins (D:1)
  4 kobolds (D:1)
  2 frilled lizards (D:1)
  6 rats (D:1)
32 creatures vanquished.

Notes
Turn   | Place    | Note
-------+----------+-------------------------------------------
     0 | D:1      | somonday the Mummy Wizard began the quest for the Orb.
     0 | D:1      | Reached XP level 1. HP: 13/13 MP: 4/4
   267 | D:1      | Reached XP level 2. HP: 18/19 MP: 0/6
   473 | D:1      | Reached skill level 1 in Conjurations
  2780 | D:1      | Reached XP level 3. HP: 24/24 MP: 3/7
  5161 | D:1      | Noticed a wolf spider
  5172 | D:1      | HP: 1/24 [wolf spider (7)]
  5172 | D:1      | Mangled by a wolf spider

Skill      XL: |  1  2 |
---------------+-------+-----
Conjurations   | 1 |  1.9
Dodging        | |  1.7
Stealth        | |  1.7
Spellcasting   | |  3.4
Summonings     | |  0.7
Translocations | |  0.7

Action                   || total
-------------------------++-------
Melee: Unarmed           ||    10
       Dagger            ||    36
 Cast: Magic Dart        ||    83
Armor: Robe              ||    10
Dodge: Dodged            ||    45
